| 
	| TOP OF THE 1ST | 
|---|
 
		| Oakland Athletics batting - Pitching for Kansas City Royals : RHP Chris Irvin |  
		| Pitching: RHP Chris Irvin |  |  
		| Batting: RHB Garry Hash | 0-0: Foul Ball, location: 2F 0-1: Foul Ball, location: 2F
 0-2: Strikes out looking
 |  
		| Batting: RHB Nick Gentzel | 0-0: Ball 1-0: Ball
 2-0: DOUBLE  (Line Drive, 89D, EV 104.4 MPH)
 |  
		| Batting: LHB R.J. O'Brien | 0-0: Ball 1-0: Called Strike
 1-1: Ball
 2-1: Ground out 4-3 (Groundball, 4, EV 86.9 MPH)
 Nick Gentzel to third
 |  
		| Batting: LHB Bob Branham | 0-0: Ball 1-0: Swinging Strike
 1-1: Called Strike
 1-2: Ball
 2-2: Ball
 3-2: Strikes out swinging
 |  
		| Top of the 1st over - 0 runs, 1 hit, 0 errors, 1 left on base; Oakland 0 - Kansas City 0 |  
	| BOTTOM OF THE 1ST | 
|---|
 
		| Kansas City Royals batting - Pitching for Oakland Athletics : RHP Hunter Vanderhyden |  
		| Pitching: RHP Hunter Vanderhyden |  |  
		| Batting: LHB Mike Meyerhoff | 0-0: Ball 1-0: Foul Ball, location: 2F
 1-1: Foul Ball, location: 2F
 1-2: TRIPLE  (Line Drive, 78XD, EV 105.0 MPH)
 |  
		| Batting: RHB Matt Belgard | 0-0: TRIPLE  (Flyball, 89XD, EV 96.9 MPH) Mike Meyerhoff scores
 |  
		| Batting: LHB Roman Downey | 0-0: Ball 1-0: Swinging Strike
 1-1: Foul Ball, location: 2F
 1-2: Foul Ball, location: 2F
 1-2: SINGLE  (Line Drive, 9LS, EV 95.0 MPH)
 Matt Belgard scores
 |  
		| Batting: LHB Bill Baconneck | 0-0: Called Strike 0-1: Called Strike
 0-2: Grounds into double play, 1-4-3 (Groundball, 25, EV 70.6 MPH)
 |  
		| Batting: LHB Pete Hansel | 0-0: Ball 1-0:  Fly out, F3  (Popup, 23F, EV 86.2 MPH)
 |  
		| Bottom of the 1st over - 2 runs, 3 hits, 0 errors, 0 left on base; Oakland 0 - Kansas City 2 |  
	| TOP OF THE 2ND | 
|---|
 
		| Oakland Athletics batting - Pitching for Kansas City Royals : RHP Chris Irvin |  
		| Batting: RHB Tim Cordle | 0-0: Ball 1-0: Ground out 5-3 (Groundball, 56, EV 87.5 MPH)
 |  
		| Batting: LHB Tom Butterbaugh | 0-0: Ball 1-0: Foul Ball, location: 2F
 1-1: Ground out U3 (Groundball, 3L, EV 100.6 MPH)
 |  
		| Batting: SHB Ryan Langlois | 0-0: Ball 1-0:  Fly out, F9  (Flyball, 9, EV 95.6 MPH)
 |  
		| Top of the 2nd over - 0 runs, 0 hits, 0 errors, 0 left on base; Oakland 0 - Kansas City 2 |  
	| BOTTOM OF THE 2ND | 
|---|
 
		| Kansas City Royals batting - Pitching for Oakland Athletics : RHP Hunter Vanderhyden |  
		| Batting: SHB Gil Switzer | 0-0: Called Strike 0-1: Ball
 1-1: Called Strike
 1-2: Hit by Pitch
 |  
		| Batting: LHB Manny Estrada | 0-0: Called Strike 0-1: Ball
 1-1:  Fly out, F8  (Flyball, 8LS, EV 85.6 MPH)
 |  
		| Batting: RHB Mikolas Markus | 0-0: Called Strike 0-1: Grounds into double play, 6-4-3 (Groundball, 6, EV 80.0 MPH)
 |  
		| Bottom of the 2nd over - 0 runs, 0 hits, 0 errors, 0 left on base; Oakland 0 - Kansas City 2 |  
	| TOP OF THE 3RD | 
|---|
 
		| Oakland Athletics batting - Pitching for Kansas City Royals : RHP Chris Irvin |  
		| Batting: LHB Tomas Segarra | 0-0: Ball 1-0: Ball
 2-0: Ball
 3-0: Base on Balls
 |  
		| Batting: RHB Chris Prinzing | 0-0: Ball 1-0: Ball
 2-0: Called Strike
 2-1: Ball
 Wild Pitch!
 Tomas Segarra to second
 3-1: DOUBLE  (Line Drive, 89D, EV 106.2 MPH)
 Tomas Segarra scores
 |  
		| Batting: RHB Garry Hash | 0-0: Swinging Strike 0-1:  Fly out, F7  (Line Drive, 78M, EV 97.5 MPH)
 |  
		| Batting: RHB Nick Gentzel | 0-0: Ball 1-0: Foul Ball, location: 2F
 1-1: SINGLE  (Line Drive, 4MD, EV 99.4 MPH)
 Chris Prinzing to third
 Runner from 3rd tries for Home, SAFE, throw by CF to home
 Nick Gentzel to second
 |  
		| Batting: LHB R.J. O'Brien | 0-0: Ball 1-0: SINGLE  (Groundball, 25, EV 71.2 MPH) (infield hit)
 Nick Gentzel to third
 |  
		| Batting: LHB Bob Branham | 0-0: Ball 1-0: SINGLE  (Groundball, 34D, EV 102.5 MPH)
 Nick Gentzel scores
 R.J. O'Brien to second
 |  
		| Batting: RHB Tim Cordle | 0-0: Ball 1-0: Swinging Strike
 1-1:  Fly out, F8  (Flyball, 8LM, EV 90.6 MPH)
 |  
		| Batting: LHB Tom Butterbaugh | 0-0: Ball 1-0: Ball
 2-0: Ball
 3-0: Base on Balls
 R.J. O'Brien to third
 Bob Branham to second
 |  
		| Batting: SHB Ryan Langlois | 0-0: Ball 1-0: Ground out U3 (Groundball, 3, EV 103.1 MPH)
 |  
		| Top of the 3rd over - 3 runs, 4 hits, 0 errors, 3 left on base; Oakland 3 - Kansas City 2 |  
	| BOTTOM OF THE 3RD | 
|---|
 
		| Kansas City Royals batting - Pitching for Oakland Athletics : RHP Hunter Vanderhyden |  
		| Batting: RHB Kevin Roseen | 0-0: Called Strike 0-1: Foul Ball, location: 2F
 0-2: Ball
 1-2: Strikes out looking
 |  
		| Batting: LHB Mike Meyerhoff | 0-0: Ball 1-0: Foul Ball, location: 2F
 1-1:  Fly out, F7  (Flyball, 7LD, EV 95.0 MPH)
 |  
		| Batting: RHB Matt Belgard | 0-0: Ball 1-0: Called Strike
 1-1: SINGLE  (Line Drive, 7S, EV 90.0 MPH)
 |  
		| Batting: LHB Roman Downey | 0-0: Called Strike Matt Belgard steals 2nd base
 0-1: Foul Ball, location: 2F
 0-2: Ball
 1-2:  Fly out, F9  (Flyball, 89M, EV 91.2 MPH)
 |  
		| Bottom of the 3rd over - 0 runs, 1 hit, 0 errors, 1 left on base; Oakland 3 - Kansas City 2 |  
	| TOP OF THE 4TH | 
|---|
 
		| Oakland Athletics batting - Pitching for Kansas City Royals : RHP Chris Irvin |  
		| Batting: LHB Tomas Segarra | 0-0: Called Strike 0-1: Ball
 1-1: Ball
 2-1:  Fly out, F7  (Flyball, 7S, EV 94.4 MPH)
 |  
		| Batting: RHB Chris Prinzing | 0-0: Ball 1-0: Ball
 2-0:  Fly out, F7  (Flyball, 78M, EV 82.5 MPH)
 |  
		| Batting: RHB Garry Hash | 0-0: Called Strike 0-1: Ball
 1-1: Swinging Strike
 1-2: DOUBLE  (Groundball, 3L, EV 94.4 MPH)
 |  
		| Pinch Hitting: LHB Juan Concepcion | 0-0: Called Strike 0-1: Ball
 1-1: Swinging Strike
 1-2: Foul Ball, location: 2F
 1-2: Foul Ball, location: 2F
 1-2: Foul Ball, location: 2F
 1-2: Ground out U3 (Groundball, 34, EV 108.1 MPH)
 |  
		| Top of the 4th over - 0 runs, 1 hit, 0 errors, 1 left on base; Oakland 3 - Kansas City 2 |  
	| BOTTOM OF THE 4TH | 
|---|
 
		| Kansas City Royals batting - Pitching for Oakland Athletics : RHP Hunter Vanderhyden |  
		| Now in RF: Jeff Luvisi |  |  
		| Batting: LHB Bill Baconneck | 0-0: Ball 1-0: Ball
 2-0: Foul Ball, location: 2F
 2-1: Ball
 3-1: SINGLE  (Groundball, 34D, EV 103.8 MPH)
 |  
		| Batting: LHB Pete Hansel | 0-0: Ball 1-0: Foul Ball, location: 2F
 1-1: Ball
 2-1: DOUBLE  (Groundball, 5L, EV 106.2 MPH)
 Bill Baconneck to third
 |  
		| Batting: SHB Gil Switzer | 0-0: Ball 1-0:  Fly out, F6  (Popup, 6S, EV 60.6 MPH)
 |  
		| Batting: LHB Manny Estrada | 0-0: Ball 1-0: Ground out 6-3 (Groundball, 6M, EV 103.1 MPH)
 Bill Baconneck scores
 Pete Hansel to third
 |  
		| Batting: RHB Mikolas Markus | 0-0: Called Strike 0-1: Called Strike
 0-2: Strikes out swinging
 |  
		| Bottom of the 4th over - 1 run, 2 hits, 0 errors, 1 left on base; Oakland 3 - Kansas City 3 |  
	| TOP OF THE 5TH | 
|---|
 
		| Oakland Athletics batting - Pitching for Kansas City Royals : RHP Chris Irvin |  
		| Pitching: RHP Matthew Orphan |  |  
		| Now at SS: Jose Pacheco |  |  
		| Now in CF: Walt Cogswell |  |  
		| Now in RF: Robby Diaz |  |  
		| Pinch Hitting: RHB Muneo Kawachi | 0-0: Ball 1-0: Called Strike
 1-1: Foul Ball, location: 2F
 1-2: Ball
 2-2: Ball
 3-2: Base on Balls
 |  
		| Pinch Hitting: RHB Jason May | 0-0: Foul Ball, location: 2F 0-1: Ball
 1-1: Swinging Strike
 1-2: Strikes out looking
 |  
		| Batting: RHB Tim Cordle |  |  
		| Pinch Hitting: SHB Robert Santiago | 0-0: Called Strike 0-1: Foul Ball, location: 2F
 0-2: Ball
 1-2: Ball
 2-2: Hit by Pitch
 Muneo Kawachi to second
 |  
		| Pinch Hitting: SHB Quincy Bradford | 0-0: Called Strike 0-1: Swinging Strike
 0-2: Ball
 1-2: Foul Ball, location: 2F
 1-2: Strikes out swinging
 |  
		| Pinch Hitting: RHB Larry Clark | 0-0: Ball 1-0: Ball
 2-0:  Fly out, F9  (Flyball, 89S, EV 84.4 MPH)
 |  
		| Top of the 5th over - 0 runs, 0 hits, 0 errors, 2 left on base; Oakland 3 - Kansas City 3 |  
	| TOP OF THE 6TH | 
|---|
 
		| Oakland Athletics batting - Pitching for Kansas City Royals : RHP Matthew Orphan |  
		| Pitching: RHP Asa Hahn |  |  
		| Now in LF: Ryoji Hiraoka |  |  
		| Batting: LHB Tomas Segarra | 0-0: Called Strike 0-1: Foul Ball, location: 2F
 0-2: Ball
 1-2: Ball
 2-2: Ball
 3-2: Base on Balls
 |  
		| Batting: RHB David Herrera | 0-0: Called Strike 0-1: Foul Ball, location: 2F
 0-2: DOUBLE  (Line Drive, 89D, EV 108.8 MPH)
 Tomas Segarra to third
 |  
		| Batting: RHB Garry Hash | 0-0: Called Strike 0-1: Ball
 1-1: Foul Ball, location: 2F
 1-2: Ball
 2-2: Ball
 3-2: Foul Ball, location: 2F
 3-2: Base on Balls
 |  
		| Batting: LHB Jeff Luvisi | 0-0: Swinging Strike 0-1: Ball
 1-1: Swinging Strike
 1-2: Ball
 2-2: Ball
 3-2: Strikes out looking
 |  
		| Batting: RHB Muneo Kawachi | 0-0: Ball 1-0: Called Strike
 1-1: Ball
 2-1: Swinging Strike
 2-2: Ball
 3-2: Strikes out swinging
 |  
		| Batting: RHB Jason May | 0-0: Called Strike 0-1: Called Strike
 0-2: Strikes out looking
 |  
		| Top of the 6th over - 0 runs, 1 hit, 0 errors, 3 left on base; Oakland 3 - Kansas City 3 |  
	| BOTTOM OF THE 6TH | 
|---|
 
		| Kansas City Royals batting - Pitching for Oakland Athletics : RHP Hunter Vanderhyden |  
		| Pitching: RHP Victor Sanchez |  |  
		| Batting: LHB Robby Diaz | 0-0: Foul Ball, location: 2F 0-1: Foul Ball, location: 2F
 0-2: Strikes out looking
 |  
		| Batting: LHB Justin Rupert | 0-0: Foul Ball, location: 2F 0-1: Ball
 1-1: Ball
 2-1: Foul Ball, location: 2F
 2-2: Ball
 3-2: Foul Ball, location: 2F
 3-2: Base on Balls
 |  
		| Batting: RHB Walt Cogswell | 0-0:  Fly out, F9  (Line Drive, 9, EV 90.6 MPH) |  
		| Batting: SHB Ryoji Hiraoka | 0-0: Ball 1-0: Foul Ball, location: 2F
 1-1: Called Strike
 1-2: Ball
 2-2: Fielders Choice at 2nd, U4 (Groundball, 4M, EV 85.0 MPH)
 |  
		| Bottom of the 6th over - 0 runs, 0 hits, 0 errors, 1 left on base; Oakland 3 - Kansas City 3 |  
	| TOP OF THE 7TH | 
|---|
 
		| Oakland Athletics batting - Pitching for Kansas City Royals : RHP Asa Hahn |  
		| Pitching: RHP Jimmy Silveira IV |  |  
		| Now at 1B: Chang-keun Baik |  |  
		| Batting: SHB Robert Santiago | 0-0: Swinging Strike 0-1: Called Strike
 0-2: Strikes out swinging, 2-3 out at first.
 |  
		| Batting: SHB Quincy Bradford | 0-0: SINGLE  (Line Drive, 8RS, EV 101.9 MPH) |  
		| Batting: RHB Larry Clark | 0-0: Ball 1-0: Swinging Strike
 1-1: Foul Ball, location: 2F
 1-2: Strikes out swinging
 |  
		| Batting: LHB Tomas Segarra | 0-0: Ball 1-0: Called Strike
 Quincy Bradford steals 2nd base
 1-1: Swinging Strike
 1-2: Strikes out swinging
 |  
		| Top of the 7th over - 0 runs, 1 hit, 0 errors, 1 left on base; Oakland 3 - Kansas City 3 |  
	| BOTTOM OF THE 7TH | 
|---|
 
		| Kansas City Royals batting - Pitching for Oakland Athletics : RHP Victor Sanchez |  
		| Pitching: RHP Mike Pedigo |  |  
		| Now at C: Al Hernandez |  |  
		| Batting: RHB Chang-keun Baik | 0-0: Ball 1-0: Called Strike
 1-1: Hit by Pitch
 |  
		| Pinch Hitting: RHB Yuichi Takata | 0-0: Ball 1-0: SINGLE  (Line Drive, 8LS, EV 91.2 MPH)
 Chang-keun Baik to second
 Runner from 2nd tries for 3rd, SAFE, throw by CF made to third
 |  
		| Batting: RHB Kevin Roseen | 0-0: Ball 1-0: Called Strike
 1-1: Called Strike
 Yuichi Takata steals 2nd base
 1-2: Ball
 2-2: Strikes out swinging
 |  
		| Batting: SHB Jose Pacheco | 0-0: Ball 1-0: Ball
 2-0: Called Strike
 2-1: Ball
 3-1: Base on Balls
 |  
		| Pinch Hitting: RHB Ken Postlethwaite | 0-0: Called Strike 0-1: Ball
 1-1: Called Strike
 1-2: Strikes out swinging
 |  
		| Batting: LHB Robby Diaz | 0-0: Ball 1-0: Ball
 2-0: Ball
 3-0: Called Strike
 3-1:  Fly out, F5  (Popup, 56, EV 68.8 MPH)
 |  
		| Bottom of the 7th over - 0 runs, 1 hit, 0 errors, 3 left on base; Oakland 3 - Kansas City 3 |  
	| TOP OF THE 8TH | 
|---|
 
		| Oakland Athletics batting - Pitching for Kansas City Royals : RHP Jimmy Silveira IV |  
		| Pitching: LHP Chris Eaker |  |  
		| Now at 2B: Yuichi Takata |  |  
		| Now at 3B: Ken Postlethwaite |  |  
		| Batting: RHB David Herrera | 0-0: Foul Ball, location: 2F 0-1: Foul Ball, location: 2F
 0-2: Ball
 1-2: Foul Ball, location: 2F
 1-2: TRIPLE  (Flyball, 7D, EV 107.5 MPH)
 |  
		| Batting: LHB Al Hernandez | 0-0: Called Strike 0-1: Foul Ball, location: 2F
 0-2: Ball
 1-2: Ball
 2-2: Ball
 3-2: Strikes out swinging
 |  
		| Batting: LHB Jeff Luvisi | 0-0: Foul Ball, location: 2F 0-1: Foul Ball, location: 2F
 0-2: Ball
 1-2: Strikes out swinging
 |  
		| Batting: RHB Muneo Kawachi | 0-0: Swinging Strike 0-1: Called Strike
 0-2: Ball
 1-2: SINGLE  (Groundball, 4MD, EV 101.2 MPH)
 David Herrera scores
 |  
		| Batting: RHB Jason May | 0-0: Ball 1-0: Ball
 2-0: Ball
 3-0: Base on Balls
 Muneo Kawachi to second
 |  
		| Pinch Hitting: RHB Randy Shrewsbury | 0-0: Ball 1-0: Called Strike
 1-1: SINGLE  (Groundball, 34D, EV 101.2 MPH)
 Muneo Kawachi to third
 Jason May to second
 Runner from 3rd tries for Home, throw by RF and OUT! 9-2
 |  
		| Top of the 8th over - 1 run, 3 hits, 0 errors, 2 left on base; Oakland 4 - Kansas City 3 |  
	| BOTTOM OF THE 8TH | 
|---|
 
		| Kansas City Royals batting - Pitching for Oakland Athletics : RHP Mike Pedigo |  
		| Now at 2B: Randy Shrewsbury |  |  
		| Now at 3B: Quincy Bradford |  |  
		| Batting: LHB Justin Rupert | 0-0: Swinging Strike 0-1: Ball
 1-1: DOUBLE  (Line Drive, 7LS, EV 109.4 MPH)
 |  
		| Batting: RHB Walt Cogswell | 0-0: SINGLE  (Line Drive, 6M, EV 102.5 MPH) Justin Rupert to third
 |  
		| Pinch Hitting: RHB Mike Jaquez | 0-0: Ball 1-0: Called Strike
 1-1: Foul Ball, location: 2F
 1-2: Foul Ball, location: 2F
 1-2: Foul Ball, location: 2F
 1-2: Strikes out swinging
 |  
		| Batting: RHB Chang-keun Baik | 0-0: Called Strike 0-1: Ball
 1-1: Ball
 2-1: Swinging Strike
 2-2: Strikes out looking
 |  
		| Batting: RHB Yuichi Takata | 0-0: SINGLE  (Groundball, 4MD, EV 110.6 MPH) Justin Rupert scores
 Walt Cogswell to second
 Runner from 2nd tries for 3rd, SAFE, throw by CF made at trailing runner, OUT! 8-6
 |  
		| Bottom of the 8th over - 1 run, 3 hits, 0 errors, 1 left on base; Oakland 4 - Kansas City 4 |  
	| TOP OF THE 9TH | 
|---|
 
		| Oakland Athletics batting - Pitching for Kansas City Royals : LHP Chris Eaker |  
		| Pitching: RHP Joe Noonan |  |  
		| Now in LF: Taisei Fujii |  |  
		| Pinch Hitting: RHB Eric Delgado | 0-0: Ball 1-0: Ball
 2-0: Ground out 4-3 (Groundball, 34, EV 86.2 MPH)
 |  
		| Batting: RHB Larry Clark | 0-0: Ball 1-0: Called Strike
 1-1: Called Strike
 1-2: Ground out U3 (Groundball, 3S, EV 90.6 MPH)
 |  
		| Batting: LHB Tomas Segarra | 0-0: Ball 1-0: Ball
 2-0: SINGLE  (Line Drive, 5D, EV 103.1 MPH)
 |  
		| Batting: RHB David Herrera | 0-0: Called Strike 0-1: Ball
 1-1: Ball
 2-1: Ball
 3-1: Swinging Strike
 3-2: Strikes out looking
 |  
		| Top of the 9th over - 0 runs, 1 hit, 0 errors, 1 left on base; Oakland 4 - Kansas City 4 |  
	| BOTTOM OF THE 9TH | 
|---|
 
		| Kansas City Royals batting - Pitching for Oakland Athletics : RHP Mike Pedigo |  
		| Pitching: RHP Kevin Endsley |  |  
		| Now at 3B: Eric Delgado |  |  
		| Batting: RHB Kevin Roseen | 0-0: Ball 1-0: Called Strike
 1-1: Ball
 2-1: Foul Ball, location: 2F
 2-2:  Fly out, F7  (Flyball, 7, EV 90.0 MPH)
 |  
		| Batting: SHB Jose Pacheco | 0-0: Swinging Strike 0-1: Called Strike
 0-2: Ball
 1-2: Foul Ball, location: 2F
 1-2: Strikes out swinging
 |  
		| Batting: RHB Ken Postlethwaite | 0-0: Called Strike 0-1: Foul Ball, location: 2F
 0-2: Strikes out swinging
 |  
		| Bottom of the 9th over - 0 runs, 0 hits, 0 errors, 0 left on base; Oakland 4 - Kansas City 4 |  
	| TOP OF THE 10TH | 
|---|
 
		| Oakland Athletics batting - Pitching for Kansas City Royals : RHP Joe Noonan |  
		| Pitching: RHP Elijah Lewis |  |  
		| Batting: LHB Al Hernandez | 0-0: Ball 1-0: Ball
 2-0: Ball
 3-0: Called Strike
 3-1: Base on Balls
 |  
		| Batting: LHB Jeff Luvisi | 0-0: Reached on error, E2 (Groundball, 2L, EV 43.8 MPH) Al Hernandez to third
 |  
		| Batting: RHB Muneo Kawachi | 0-0: Ball 1-0: Foul Ball, location: 2F
 1-1: Ball
 2-1: Foul Ball, location: 2F
 2-2: Foul Ball, location: 2F
 2-2: Foul Ball, location: 2F
 2-2:  Fly out, F7  (Flyball, 7LS, EV 90.6 MPH)
 |  
		| Batting: RHB Jason May | 0-0: Called Strike 0-1: Ball
 1-1: Swinging Strike
 1-2: Strikes out swinging
 |  
		| Batting: RHB Randy Shrewsbury | 0-0: Intentional Walk |  
		| Batting: RHB Eric Delgado | 0-0: Ball 1-0: Ball
 2-0: Ball
 3-0: Called Strike
 3-1: Base on Balls
 Al Hernandez scores
 Jeff Luvisi to third
 Randy Shrewsbury to second
 |  
		| Batting: RHB Larry Clark | 0-0: Called Strike 0-1: Called Strike
 0-2: Ball
 1-2: Ball
 2-2: Foul Ball, location: 2F
 2-2: Ball
 3-2: Strikes out swinging
 |  
		| Top of the 10th over - 1 run, 0 hits, 1 error, 3 left on base; Oakland 5 - Kansas City 4 |  
	| BOTTOM OF THE 10TH | 
|---|
 
		| Kansas City Royals batting - Pitching for Oakland Athletics : RHP Kevin Endsley |  
		| Pitching: LHP Kevin Clark |  |  
		| Batting: LHB Robby Diaz | 0-0: Ball 1-0: Foul Ball, location: 2F
 1-1: Ball
 2-1: Ground out 4-3 (Groundball, 4, EV 108.1 MPH)
 |  
		| Batting: RHB Adam Martin | 0-0: Swinging Strike 0-1: Foul Ball, location: 2F
 0-2: Ball
 1-2: Foul Ball, location: 2F
 1-2: Foul Ball, location: 2F
 1-2: Ball
 2-2: Strikes out swinging, 2-3 out at first.
 |  
		| Batting: RHB Walt Cogswell | 0-0: Ball 1-0: Ball
 2-0: Ball
 3-0: Called Strike
 3-1: Base on Balls
 |  
		| Batting: RHB Taisei Fujii | 0-0: Ball 1-0: Called Strike
 1-1: Foul Ball, location: 2F
 1-2: Foul Ball, location: 2F
 1-2: Ball
 2-2: Strikes out looking
 |  
		| Bottom of the 10th over - 0 runs, 0 hits, 0 errors, 1 left on base; Oakland 5 - Kansas City 4 |  |